Map: Romanticide LE

Players

MarineLorD - Winner!

  • Race: Terran Terran
  • League: Master

souL

  • Race: Terran Terran

Event: DreamHack SC2 Masters 2021 Fall

VOD

Have the link to the VOD?

Description

Time

  • Played on: Aug. 6, 2021, 11:46 a.m.
  • Length: 22:33

All games in this series

Show
View Real Time Build Order
Export as new Build Order

MarineLorD Terran - Winner!

Build Orders: Cyclone Opening, Mech 

Get SALT Encoding   

  12  0:00  SCV  
  13  0:12  SCV  
  14  0:17  Supply Depot  
  14  0:24  SCV  
  15  0:38  SCV  
  15  0:41  Barracks  
  16  0:44  Refinery  
  16  0:50  SCV  
  16  0:52  Refinery  
  17  1:02  SCV  
  18  1:15  SCV  
  19  1:28  Reaper, Orbital Command  
  19  1:32  Supply Depot  
  20  1:44  Factory  
  20  1:54  SCV  
  21  2:01  Reaper  
  22  2:06  SCV  
  23  2:17  Command Center  
  23  2:21  SCV  
  26  2:31  Factory Tech Lab  
  26  2:35  SCV  
  25  2:44  Supply Depot  
  25  2:47  SCV  
  25  2:49  Cyclone  
  29  2:56  Starport  
  29  3:00  SCV  
  29  3:04  Barracks Tech Lab  
  29  3:12  SCV  
  25  3:22  Cyclone  
  25  3:24  SCV  
  27  3:36  SCV  
  27  3:37  SCV  
  29  3:48  SCV  
  29  3:51  Orbital Command  
  29  3:52  Refinery  
  29  3:55  Raven  
  30  4:00  Hellion  
  30  4:01  SCV  
  33  4:06  Refinery  
  33  4:13  SCV  
  33  4:16  SCV  
  35  4:21  Siege Tank  
  38  4:25  SCV  
  40  4:31  SCV  
  40  4:39  SCV  
  40  4:43  SCV  
  40  4:45  Raven  
  44  4:51  SCV  
  45  4:55  SCV  
  45  4:58  Command Center  
  46  5:02  Siege Tank  
  46  5:04  SCV  
  50  5:10  SCV  
  50  5:12  Barracks Reactor  
  51  5:16  SCV  
  51  5:19  Supply Depot  
  51  5:21  Supply Depot  
  52  5:22  SCV  
  52  5:28  SCV  
  54  5:38  Supply Depot  
  54  5:40  SCV x2, Siege Tank  
  59  5:49  Factory  
  59  5:52  SCV x2  
  59  5:54  Viking  
  63  5:59  Viking  
  65  6:04  SCV  
  65  6:05  SCV  
  67  6:12  Siege Tank  
  67  6:13  Orbital Command  
  67  6:18  SCV x2  
  72  6:26  Factory  
  72  6:28  Viking  
  72  6:30  Viking  
  72  6:32  SCV  
  77  6:33  SCV  
  77  6:38  Siege Tank  
  81  6:41  SCV  
  81  6:44  SCV  
  83  6:51  SCV  
  84  6:55  Orbital Command  
  84  6:57  Siege Tank  
  84  6:58  Viking  
  84  7:00  Viking  
  84  7:01  SCV  
  92  7:06  SCV  
  93  7:14  Refinery, Factory Reactor  
  93  7:18  Supply Depot  
  93  7:19  Refinery, SCV, Siege Tank  
  93  7:20  SCV x2  
  99  7:32  SCV x2  
  101  7:40  Supply Depot x2, Siege Tank, SCV  
  101  7:42  Supply Depot  
  101  7:44  SCV  
  106  7:45  SCV  
  107  7:52  SCV  
  107  7:55  Siege Tank  
  107  7:56  SCV  
  109  7:59  SCV  
  109  8:04  SCV  
  109  8:05  Hellion x2  
  98  8:08  SCV  
  98  8:11  SCV  
  98  8:12  Siege Tank  
  103  8:16  SCV  
  104  8:20  SCV  
  104  8:23  SCV  
  104  8:26  Hellion  
  104  8:27  Siege Tank, Hellion  
  106  8:28  SCV  
  106  8:29  Factory  
  106  8:30  Engineering Bay, Factory  
  106  8:32  SCV  
  106  8:33  Viking  
  113  8:47  Armory  
  113  8:48  Armory  
  113  8:50  Viking  
  113  8:51  Siege Tank  
  113  8:54  Hellion  
  120  9:00  SCV x2, Sensor Tower  
  120  9:03  Viking  
  125  9:10  Infernal Pre-Igniter, Siege Tank  
  125  9:13  Supply Depot  
  125  9:14  Supply Depot  
  125  9:16  Command Center  
  125  9:20  Factory Reactor, Factory Tech Lab, Missile Turret  
  125  9:30  Siege Tank  
  132  9:31  Hellion x2  
  132  9:33  Supply Depot  
  132  9:36  Terran Vehicle Weapons Level 1, Terran Vehicle And Ship Armor Level 1  
  132  9:38  Supply Depot  
  132  9:40  Supply Depot  
  132  9:47  SCV x3  
  132  9:48  Siege Tank  
  132  9:49  Siege Tank  
  141  9:57  Missile Turret x3  
  141  10:02  Siege Tank, Hellion x3, Missile Turret  
  141  10:03  Missile Turret  
  141  10:05  Missile Turret  
  148  10:21  Hellion, Siege Tank  
  152  10:28  Factory  
  152  10:29  Factory  
  152  10:30  Command Center, Factory  
  152  10:42  Missile Turret  
  152  10:45  Siege Tank x2  
  158  10:53  Missile Turret  
  158  10:59  Siege Tank  
  158  11:01  Liberator  
  164  11:17  Siege Tank x2  
  170  11:23  Hellion x4  
  176  11:26  Factory Reactor x2, Factory Tech Lab  
  176  11:31  Siege Tank  
  177  11:38  SCV x2  
  179  11:43  Command Center  
  179  11:44  Hellion x3  
  183  11:47  Planetary Fortress  
  183  11:48  Refinery  
  183  11:50  Refinery  
  174  11:59  Hellbat  
  175  12:03  Viking x2  
  175  12:04  Thor  
  175  12:05  Thor  
  177  12:13  Missile Turret  
  177  12:14  Widow Mine x3, Missile Turret  
  173  12:32  Thor x2, Missile Turret  
  176  12:40  Command Center, Missile Turret  
  176  12:42  Command Center  
  174  12:50  Terran Vehicle Weapons Level 2, Terran Vehicle And Ship Armor Level 2  
  172  12:53  Drilling Claws  
  172  12:54  Smart Servos  
  170  13:04  Sensor Tower  
  170  13:07  Planetary Fortress  
  170  13:11  Hellbat  
  172  13:26  Thor x2  
  184  13:29  Viking  
  178  13:44  Thor  
  180  13:57  Thor  
  186  14:09  Thor  
  184  14:18  Thor  
  179  14:28  Hellion x6  
  168  14:35  Siege Tank  
  171  14:38  SCV  
  171  14:39  SCV x2, Barracks  
  159  14:53  Siege Tank x2  
  159  14:54  Hellion x5  
  170  15:01  Viking x2  
  170  15:02  Siege Tank  
  170  15:07  Terran Vehicle And Ship Armor Level 3, Terran Vehicle Weapons Level 3  
  165  15:08  Planetary Fortress  
  165  15:09  Refinery  
  165  15:11  Refinery  
  159  15:15  Hellion x4  
  167  15:24  Mag-Field Accelerator  
  159  15:32  Orbital Command x2  
  157  15:47  Widow Mine x3  
  157  15:48  Command Center  
  163  15:59  Thor x2  
  175  16:11  Missile Turret x2  
  171  16:12  Missile Turret  
  171  16:13  Sensor Tower  
  167  16:26  Orbital Command  
  167  16:30  SCV x3  
  167  16:31  Thor x2  
  171  16:53  Siege Tank  
  175  17:02  Hellion  
  175  17:05  SCV x2  
  177  17:12  Thor  
  177  17:14  Hellbat x2, Siege Tank  
  164  17:23  SCV x2  
  164  17:24  SCV x2, Hellbat  
  164  17:25  Siege Tank  
  173  17:36  Hellbat x2  
  177  17:44  Factory x3  
  177  17:45  Hellion  
  177  17:46  Thor  
  177  17:50  Factory Reactor  
  183  17:55  Siege Tank  
  183  17:57  Hellion  
  186  18:00  Missile Turret  
  186  18:06  Viking x2  
  187  18:25  Siege Tank  
  187  18:26  Hellion x2  
  187  18:42  SCV x2  
  191  18:48  Siege Tank x2  
  191  18:51  Terran Ship Weapons Level 1  
  191  18:52  Supply Depot, Hellion x3  
  191  18:57  Siege Tank  
  191  19:01  Hellion  
  188  19:03  Hellion  
  186  19:13  Command Center  
  186  19:14  Hellion x2  
  190  19:17  Refinery  
  190  19:19  Refinery  
  190  19:20  Siege Tank  
  190  19:23  Orbital Command  
  193  19:25  Command Center  
  187  19:44  Siege Tank x2  
  183  19:53  Siege Tank, Factory Tech Lab  
  183  19:55  Factory Tech Lab x3  
  181  20:01  Hellbat x2  
  181  20:05  Command Center  
  181  20:06  Missile Turret x2  
  185  20:10  Viking x2, Hellion x2  
  193  20:16  Siege Tank  
  193  20:17  Sensor Tower x2, Hi-Sec Auto Tracking  
  190  20:33  Siege Tank x2  
  194  20:44  Siege Tank x2  
  194  20:45  Hellion  
  194  20:49  Missile Turret  
  199  20:51  Missile Turret  
  199  20:52  Missile Turret  
  151  21:20  Viking x2  
  151  21:21  Siege Tank x7  
  159  21:33  SCV  
  159  21:34  SCV x2  
  162  21:42  Hellion x2  
  162  21:46  Planetary Fortress  
  166  21:53  Siege Tank x2  
  168  22:05  Missile Turret  
  168  22:07  Missile Turret  
Show
View Real Time Build Order
Export as new Build Order

souL Terran 

Build Orders:  

Get SALT Encoding   

  12  0:00  SCV  
  13  0:12  SCV  
  14  0:17  Supply Depot  
  14  0:24  SCV  
  15  0:39  SCV  
  15  0:40  Barracks  
  16  0:44  Refinery  
  16  0:51  SCV  
  16  0:52  Refinery  
  17  1:03  SCV  
  18  1:15  SCV  
  19  1:28  Reaper, Orbital Command  
  19  1:29  Supply Depot  
  20  1:44  Factory  
  21  1:54  SCV  
  21  2:00  Reaper  
  22  2:06  SCV  
  23  2:12  Bunker  
  23  2:18  SCV  
  24  2:29  Hellion  
  26  2:30  SCV  
  26  2:34  Barracks Reactor  
  26  2:35  Command Center  
  26  2:42  SCV  
  27  2:47  Supply Depot  
  27  2:50  Factory Tech Lab  
  27  2:54  SCV  
  28  3:06  SCV  
  28  3:09  Marine x2  
  28  3:12  Cyclone  
  32  3:19  SCV  
  27  3:27  Marine  
  27  3:31  SCV  
  24  3:39  Marine  
  24  3:43  SCV  
  26  3:49  Orbital Command  
  26  3:53  Siege Tank  
  26  3:55  SCV  
  27  3:57  Starport  
  27  4:01  Marine x2  
  29  4:07  SCV  
  29  4:09  Refinery  
  30  4:14  SCV  
  31  4:19  SCV  
  32  4:27  SCV  
  33  4:31  SCV  
  33  4:34  Factory Tech Lab  
  32  4:40  SCV  
  32  4:41  Raven  
  32  4:43  SCV  
  36  4:52  SCV  
  37  4:56  Command Center  
  37  4:57  SCV  
  38  5:04  Marine x2, SCV  
  41  5:09  SCV  
  42  5:15  Siege Tank  
  42  5:16  SCV  
  46  5:21  SCV  
  46  5:23  Supply Depot  
  46  5:26  Raven  
  46  5:28  SCV  
  50  5:29  Marine  
  50  5:30  Marine  
  50  5:33  SCV  
  53  5:40  SCV  
  54  5:45  SCV  
  54  5:46  Supply Depot  
  54  5:47  Marine x2  
  54  5:49  Siege Tank  
  60  5:52  SCV  
  61  5:58  SCV  
  61  6:01  Refinery  
  62  6:07  Marine x2  
  62  6:08  SCV  
  62  6:09  Orbital Command  
  62  6:10  SCV  
  62  6:11  Raven  
  68  6:20  SCV  
  68  6:22  SCV  
  68  6:23  Supply Depot, Siege Tank  
  68  6:25  Marine  
  73  6:32  SCV, Supply Depot  
  75  6:33  Marine  
  75  6:34  SCV  
  75  6:38  Orbital Command  
  77  6:44  SCV  
  77  6:46  SCV, Barracks x2  
  80  6:52  Engineering Bay  
  80  6:53  Engineering Bay  
  80  6:56  SCV  
  80  6:58  SCV  
  80  6:59  Siege Tank  
  84  7:03  SCV  
  84  7:08  Viking, SCV  
  88  7:09  Viking  
  88  7:10  Stimpack  
  88  7:11  Marine  
  88  7:12  SCV  
  92  7:15  SCV  
  92  7:20  SCV, Terran Infantry Weapons Level 1  
  92  7:21  Terran Infantry Armor Level 1  
  94  7:25  SCV  
  94  7:28  Marine  
  95  7:31  Siege Tank  
  99  7:37  Barracks Reactor  
  99  7:38  Barracks Tech Lab  
  99  7:39  SCV  
  99  7:45  SCV  
  100  7:55  Marauder  
  100  7:56  Marine, SCV  
  100  7:58  Orbital Command  
  100  7:59  SCV  
  100  8:03  Siege Tank  
  97  8:08  SCV  
  97  8:11  SCV  
  101  8:14  Marine  
  101  8:15  Marine  
  100  8:20  SCV  
  100  8:23  SCV  
  100  8:26  Medivac x2  
  100  8:28  SCV  
  100  8:32  Marine  
  100  8:33  Marine, SCV, Supply Depot x2  
  104  8:34  Supply Depot  
  104  8:36  SCV  
  104  8:40  SCV  
  104  8:41  Refinery x2  
  106  8:44  Armory  
  106  8:45  SCV  
  106  8:46  Marine  
  106  8:47  Combat Shield  
  106  8:48  SCV  
  109  8:50  Marauder  
  109  8:52  SCV  
  109  8:53  Supply Depot  
  109  8:55  Concussive Shells  
  112  8:56  Medivac  
  112  8:57  SCV, Marauder  
  112  9:01  SCV, Supply Depot  
  118  9:04  SCV  
  118  9:07  Marine  
  118  9:09  SCV  
  121  9:13  SCV, Barracks  
  121  9:14  Barracks  
  121  9:16  SCV  
  123  9:21  SCV  
  124  9:25  SCV  
  124  9:26  Medivac  
  124  9:28  SCV  
  124  9:29  Command Center  
  124  9:30  Medivac  
  130  9:33  SCV, Terran Vehicle And Ship Armor Level 1, Terran Infantry Weapons Level 2  
  130  9:36  Marauder  
  130  9:37  SCV  
  132  9:40  SCV  
  132  9:41  Marauder  
  132  9:45  SCV  
  136  9:49  SCV  
  137  9:53  SCV, Siege Tank  
  137  9:57  SCV  
  137  9:59  Starport  
  142  10:00  Starport  
  142  10:01  SCV  
  142  10:02  Starport  
  142  10:05  Barracks Reactor, SCV, Barracks Tech Lab, Refinery  
  144  10:07  Barracks Reactor  
  144  10:09  Refinery  
  144  10:12  SCV  
  144  10:13  SCV, Armory  
  146  10:17  SCV  
  146  10:18  Marauder x2  
  151  10:23  Viking x2  
  156  10:28  SCV  
  156  10:36  Starport Reactor  
  156  10:38  Supply Depot  
  156  10:39  Marine, Supply Depot x2  
  156  10:41  Marauder  
  156  10:42  Marauder  
  161  10:45  Supply Depot x2  
  161  10:46  Planetary Fortress  
  161  10:47  Marine  
  162  10:50  Viking  
  162  10:55  Viking  
  162  10:56  Marine  
  169  10:57  Viking  
  169  11:02  Marauder  
  169  11:03  Terran Ship Weapons Level 1  
  169  11:04  Viking  
  171  11:13  Viking  
  171  11:16  Marine, Marauder  
  176  11:19  Marine  
  176  11:20  Marine, Viking  
  176  11:23  Viking  
  176  11:24  Marine, Marauder  
  176  11:25  Viking  
  182  11:26  Marauder  
  182  11:29  Viking  
  183  11:33  Marine  
  183  11:37  Marine  
  187  11:44  Command Center  
  187  11:49  Terran Vehicle And Ship Armor Level 2  
  183  11:58  Fusion Core, Marauder x2  
  183  12:01  Marine, Marauder  
  155  12:02  Liberator x3  
  155  12:05  Liberator  
  155  12:06  Marine  
  153  12:20  Marauder x2  
  153  12:22  Marauder  
  165  12:33  Marine  
  157  12:40  Marine x2  
  157  12:41  Marauder  
  159  12:46  Marine x2, Marauder  
  163  12:53  Advanced Ballistics  
  163  12:56  Planetary Fortress  
  163  12:57  Marine  
  163  12:58  Command Center  
  160  13:02  Refinery  
  160  13:04  Viking x6  
  160  13:05  Marine, Refinery, Marauder x2  
  157  13:06  Siege Tank  
  157  13:08  Marine, Marauder  
  161  13:13  Terran Ship Weapons Level 2  
  161  13:17  Marine  
  162  13:20  Sensor Tower  
  162  13:21  Marine  
  162  13:22  Sensor Tower  
  162  13:24  Marine  
  162  13:27  Marauder x2  
  168  13:33  Marine  
  168  13:34  Marauder  
  173  13:42  Marine  
  173  13:48  Marauder  
  176  13:49  Liberator x5  
  176  13:51  Marine  
  176  13:52  Marauder  
  176  13:55  Marauder  
  179  13:57  Marine  
  179  13:59  Command Center  
  182  14:09  Marine, Marauder  
  185  14:12  Command Center  
  185  14:13  Marauder  
  171  14:33  Marine  
  171  14:34  Marauder x2  
  183  14:40  Medivac x6  
  183  14:52  Marine  
  177  15:06  Marine, Marauder  
  175  15:16  Viking x6  
  175  15:19  Sensor Tower  
  175  15:20  Unknown  
  176  15:21  Missile Turret  
  176  15:23  Marine  
  176  15:24  Marine, Marauder  
  176  15:26  Marauder  
  179  15:29  SCV  
  179  15:31  SCV  
  181  15:42  SCV  
  182  15:44  Planetary Fortress  
  182  15:46  Viking x2, SCV  
  187  15:50  SCV  
  187  15:54  Planetary Fortress  
  184  15:58  SCV  
  184  16:00  SCV  
  184  16:02  SCV  
  185  16:10  Marine, SCV  
  185  16:11  Marauder  
  188  16:12  SCV, Liberator  
  186  16:28  Marauder  
  186  16:31  Marine  
  188  16:35  Terran Vehicle And Ship Armor Level 3, Terran Ship Weapons Level 3  
  188  16:38  SCV  
  188  16:39  SCV  
  189  16:40  Refinery, SCV  
  182  16:56  Liberator  
  182  17:00  Marine  
  182  17:01  Marauder x3  
  182  17:09  Marine  
  182  17:10  Marine  
  182  17:19  Marine  
  182  17:22  Marauder x3  
  167  17:25  Marine  
  159  17:30  Marine x2  
  152  17:37  Marine  
  152  17:43  Marine  
  152  17:44  Marauder x3  
  161  17:45  Medivac  
  161  17:46  Medivac x4  
  161  17:47  Command Center  
  161  17:48  Marine x2  
  163  17:55  Marine  
  166  18:01  Marine  
  166  18:05  Marauder x3  
  173  18:06  Marine x2  
  175  18:13  Marine  
  175  18:17  Liberator x3  
  175  18:18  Marine  
  181  18:23  SCV x3  
  181  18:26  Marauder x3  
  173  18:29  Refinery  
  173  18:31  Refinery  
  173  18:35  SCV  
  173  18:40  Command Center  
  172  18:45  Marine  
  172  18:48  Marauder x3  
  179  18:50  Terran Infantry Armor Level 2, Terran Infantry Weapons Level 3  
  179  18:51  Marine  
  172  18:58  Marine  
  172  18:59  Marine  
  166  19:06  Liberator x2  
  166  19:09  Marauder x3  
  174  19:15  Liberator  
  176  19:18  Missile Turret  
  176  19:26  Liberator  
  176  19:27  Marine  
  176  19:28  Marine  
  180  19:34  Missile Turret  
  164  19:51  Marine  
  164  19:52  Marauder  
  167  19:53  Marine  
  167  19:58  Liberator  
  167  19:59  Marine, Marauder  
  174  20:10  Liberator  
  175  20:15  SCV x2  
  166  20:34  Liberator  
  164  20:41  Liberator x2  
  166  20:56  Marine  
  166  20:57  Marauder  
  169  21:15  Marine  
  169  21:18  Marine, Marauder  
  142  21:21  Marine  
  129  21:28  Marine x3  
  125  21:38  Orbital Command  
  125  21:39  Marine  
  122  21:40  Marauder  
  122  21:44  Marine  
  122  21:46  Marauder x2  
  118  21:56  Refinery  
  118  21:58  Refinery  
  118  22:01  Marauder  
  118  22:02  Viking x3  
  118  22:08  Marauder  
  117  22:11  Marauder  
  117  22:12  Marine  

Tags
 
Add a new tag
Caveats
  • Supply blocks, unpowered buildings, or Contaminate may cause inaccurate times.
  • Supply counts are checked every 10 seconds.